 Dungeon Crawl Stone Soup version 0.19.4-9-g45fd643 (webtiles) character file.

965 TryAgain the Magician (level 7, -1/36 HPs)
             Began as a Deep Elf Ice Elementalist on Feb 17, 2017.
             Was a Believer of Vehumet.
             Slain by a centaur zombie (6 damage)
             ... on level 6 of the Dungeon.
             The game lasted 00:30:25 (4467 turns).

TryAgain the Magician (Deep Elf Ice Elementalist)   Turns: 4467, Time: 00:30:26

Health: -1/36      AC: 10    Str:  5    XL:     7   Next: 93%
Magic:  15/18      EV: 15    Int: 22    God:    Vehumet [**....]
Gold:   167        SH:  0    Dex: 15    Spells: 6 memorised, 3 levels left

rFire  . . .     SeeInvis .     d - +1 spear
rCold  . . .     Gourm    .     a - +0 robe
rNeg   . . .     Faith    .     (no shield)
rPois  .         Spirit   .     (no helmet)
rElec  .         Reflect  .     (no cloak)
rCorr  +         Harm     .     h - +0 pair of gloves
MR     .....                    (no boots)
Stlth  ++........               (no amulet)
                                v - ring of flight
                                l - ring of resist corrosion

@: icy armour, flying, slow
A: talons 1
a: Renounce Religion


You were on level 6 of the Dungeon.
You worshipped Vehumet.
Vehumet was pleased with you.
You were not hungry.

You visited 1 branch of the dungeon, and saw 6 of its levels.
You also visited: Sewer.

You collected 167 gold pieces.

Inventory:

Hand Weapons
 d - a +1 spear (weapon)
 w - a +0 blowgun
Missiles
 r - 15 poisoned needles
 x - 4 curare-tipped needles
Armour
 a - a +0 robe (worn)
 h - a +0 pair of gloves (worn)
 q - a +0 scale mail
Jewellery
 l - a ring of resist corrosion (left hand)
 v - a ring of flight (right hand)
Wands
 j - a wand of iceblast (5/15)
 s - a wand of lightning (13/15)
 t - a wand of slowing (22/48)
 y - a wand of random effects (32/48)
Scrolls
 f - 2 scrolls of fog
 i - 3 scrolls of remove curse
 m - a scroll of identify
 n - 2 scrolls of enchant weapon
 p - 2 scrolls of teleportation
Potions
 e - 2 potions of brilliance
 g - 4 potions of curing
 k - 2 potions of berserk rage
 u - a potion of beneficial mutation
 z - a potion of might
 A - a potion of heal wounds {unknown}
Books
 b - a book of Frost

   Spells                             Type                      Level
   a - Freeze                         Ice                          1
   b - Throw Frost                    Conjuration/Ice              2
   c - Ozocubu's Armour               Charms/Ice                   3
   d - Throw Icicle                   Conjuration/Ice              4
   e - Summon Ice Beast               Ice/Summoning                4
Comestibles
 c - 6 bread rations


   Skills:
 + Level 5.8 Dodging
 - Level 2.4 Stealth
 + Level 6.4 Spellcasting
 + Level 2.4 Conjurations
 - Level 4.0 Charms
 + Level 3.4 Summonings
 + Level 5.7 Ice Magic


You had 3 spell levels left.
You knew the following spells:

 Your Spells              Type           Power        Failure   Level  Hunger
a - Freeze                Ice            ####         1%          1    None
b - Ozocubu's Armour      Chrm/Ice       ####....     4%          3    #......
c - Summon Ice Beast      Ice/Summ       ####....     14%         4    ###....
d - Throw Frost           Conj/Ice       ###...       2%          2    None
e - Shock                 Conj/Air       ##..         8%          1    None
f - Throw Icicle          Conj/Ice       ###.....     17%         4    ###....


Dungeon Overview and Level Annotations

Branches:
Dungeon (6/15)
 Temple: D:4-7

Altars:
Ashenzari
Gozag
Kikubaaqudgha
Makhleb
Nemelex Xobeh
Qazlal
Uskayaw
Vehumet
Zin

Annotations:
D:4 Sigmund
D:5 Menkaure


Innate Abilities, Weirdness & Mutations

You have sharp toenails.


Message History

The centaur zombie hits you.
You hit the centaur zombie.
The centaur zombie is moderately damaged.
The centaur zombie hits you. x2
You hit the centaur zombie.
You claw the centaur zombie, but do no damage.
The centaur zombie is moderately damaged.
The centaur zombie hits you!
Casting: Freeze
Confirm with . or Enter, or press ? or * to list all spells.
A film of ice covers your body! The centaur zombie hits you!
* * * LOW HITPOINT WARNING * * *
The centaur zombie closely misses you.
You hit the centaur zombie.
The centaur zombie is moderately damaged.
The centaur zombie barely misses you.
It was a potion of flight.
You feel very buoyant.
You fly up into the air.
The centaur zombie hits you.
You die...

#.######.#
#.#......#
#.#.######
#.#.#
####.#.########
#.........<....
#>.............
#######...####
#@..# #Z..#
#...# #...#
#...# ....#
....# ....#


You could see a centaur zombie.

Vanquished Creatures
  The ghost of TryAgain the Magician, an amateur DEIE of Vehumet (D:6)
  A black bear (D:6)
  2 big kobolds (Sewer)
  A scorpion (D:5)
  An orc priest (D:6)
  3 hounds
  2 jellies (D:4)
  Terence (D:2)
  3 worker ants
  2 gnolls (D:5)
  10 adders
  3 river rats
  5 oozes
  3 worms
  A leopard gecko (D:4)
  7 orcs
  5 ball pythons
  7 bats
  5 giant cockroaches
  9 goblins
  9 hobgoblins
  6 frilled lizards
  A jackal skeleton (D:4)
  14 kobolds
  A leopard gecko skeleton (D:5)
  11 rats
114 creatures vanquished.

Vanquished Creatures (collateral kills)
  An ice beast (D:5)
  A giant cockroach (D:5)
2 creatures vanquished.

Vanquished Creatures (others)
  A human (D:3)
1 creature vanquished.

Grand Total: 117 creatures vanquished

Notes
Turn   | Place    | Note
-------+----------+-------------------------------------------
     0 | D:1      | TryAgain the Deep Elf Ice Elementalist began the quest for the Orb.
     0 | D:1      | Reached XP level 1. HP: 10/10 MP: 6/6
   232 | D:1      | Reached XP level 2. HP: 15/15 MP: 6/8
  1018 | D:2      | Reached XP level 3. HP: 19/19 MP: 8/10
  1191 | D:2      | Noticed Terence
  1206 | D:2      | Killed Terence
  1206 | D:2      | Reached skill level 4 in Spellcasting
  1206 | D:2      | Reached XP level 4. HP: 16/24 MP: 7/12
  1588 | D:2      | Learned a level 3 spell: Ozocubu's Armour
  1593 | D:2      | Learned a level 4 spell: Summon Ice Beast
  1596 | D:2      | Learned a level 2 spell: Throw Frost
  1875 | D:3      | Found an ancient bone altar of Kikubaaqudgha.
  1875 | D:3      | Noticed a human
  1878 | D:3      | Killed a human
  1910 | D:3      | Found a stormy altar of Qazlal.
  1949 | D:3      | Reached skill level 1 in Charms
  1953 | D:3      | Found a glowing silver altar of Zin.
  1955 | D:3      | Found a radiant altar of Vehumet.
  1955 | D:3      | Found a hide-covered altar of Uskayaw.
  1956 | D:3      | Found a shattered altar of Ashenzari.
  1967 | D:3      | Became a worshipper of Vehumet
  1978 | D:3      | Reached XP level 5. HP: 27/28 MP: 10/13
  1990 | D:3      | Found a glowing drain.
  2005 | Sewer    | Entered a sewer
  2256 | Sewer    | Reached skill level 1 in Summonings
  2495 | Sewer    | Reached * piety under Vehumet
  2495 | Sewer    | Offered knowledge of Shock by Vehumet.
  2498 | Sewer    | Learned a level 1 spell: Shock
  2529 | Sewer    | Reached XP level 6. HP: 29/32 MP: 11/15
  2607 | Sewer    | Reached skill level 5 in Spellcasting
  2853 | Sewer    | Gained mutation: You have sharp toenails. [potion of beneficial mutation]
  3269 | D:4      | Reached skill level 5 in Ice Magic
  3304 | D:4      | Noticed Sigmund
  3359 | D:4      | Found a sparkling altar of Nemelex Xobeh.
  3360 | D:4      | Found an opulent altar of Gozag.
  3452 | D:4      | Found a sparkling altar of Nemelex Xobeh.
  3524 | D:4      | Reached skill level 5 in Dodging
  3524 | D:4      | Reached XP level 7. HP: 27/36 MP: 12/17
  3562 | D:5      | Entered Level 5 of the Dungeon
  3705 | D:5      | Learned a level 4 spell: Throw Icicle
  3917 | D:5      | Noticed Menkaure
  3961 | D:5      | Found a burning altar of Makhleb.
  4023 | D:6      | Offered knowledge of Sandblast by Vehumet.
  4288 | D:6      | Reached ** piety under Vehumet
  4288 | D:6      | Reached skill level 6 in Spellcasting
  4297 | D:6      | Noticed TryAgain's ghost (amateur DEIE)
  4313 | D:6      | Killed TryAgain's ghost
  4467 | D:6      | Slain by a centaur zombie

Skill      XL: |  1  2  3  4  5  6  7 |
---------------+----------------------+-----
Dodging        | 3 4 5 |  5.8
Spellcasting   | 4 5 6 |  6.4
Ice Magic      | 4 5 |  5.7
Charms         | 1 3 4 |  4.0
Summonings     | 1 2 3 |  3.4
Conjurations   | 2 |  2.4
Stealth        | |  2.4

Action                   |  1- 3 |  4- 6 |  7- 9 || total
-------------------------+-------+-------+-------++-------
Melee: Spear             |    34 |    57 |    15 ||   106
       Kick              |       |     5 |     1 ||     6
 Cast: Freeze            |    37 |   124 |    56 ||   217
       Summon Ice Beast  |       |       |     3 ||     3
       Ozocubu's Armour  |       |       |     1 ||     1
  Use: Scroll            |       |     7 |     3 ||    10
       Potion            |       |     5 |     2 ||     7
 Stab: Sleeping          |     8 |     8 |     1 ||    17
       Distracted        |       |     1 |       ||     1
  Eat: Chunk             |     1 |     6 |       ||     7
       Beef jerky        |       |     1 |     1 ||     2
       Fruit             |       |       |     3 ||     3
Armor: Robe              |     8 |    10 |     5 ||    23
Dodge: Dodged            |    25 |    77 |    46 ||   148
